 Dungeon Crawl Stone Soup version 0.17-a0-1532-g2de063d (webtiles) character file.

216136 Eptagon the Eclecticist (level 18, -1/103 HPs)
             Began as a Deep Elf Conjurer on July 15, 2015.
             Was the Champion of Vehumet.
             Slain by an anaconda (13 damage)
             ... on level 4 of the Snake Pit on July 16, 2015.
             The game lasted 04:20:31 (53899 turns).

Eptagon the Eclecticist (Deep Elf Conjurer)        Turns: 53899, Time: 04:20:31

Health: -1/103     AC: 31    Str:  8    XL:     18   Next: 35%
Magic:  17/52      EV:  9    Int: 32    God:    Vehumet [******]
Gold:   432        SH:  6    Dex: 18    Spells: 10 memorised, 8 levels left

rFire  + + +     SeeInvis .     a - staff of wizardry
rCold  + . .     Clarity  .     z - +4 scale mail "Tiduqepny" {+Inv rPois rF+ Stlth+}
rNeg   . . .     SustAt   .     f - +0 buckler
rPois  +         Gourm    .     y - +0 hat of Zin's Righteous Fury {rC+ MP+9 Dex+3}
rElec  +         Spirit   .     T - +2 cloak {rF+}
rCorr  .         Warding  .     v - +2 pair of gloves
rMut   .         Stasis   .     p - +2 pair of boots
MR     +....                    H - amulet of Ceirafi {Inacc rElec rF+}
Stlth  ++........               D - ring of Robustness {AC+8}
                                l - +4 ring of intelligence

@: lethally poisoned (-1 -> -3), slowed, constricted, deflect missiles, very
slow, somewhat resistant to hostile enchantments, unstealthy
A: molten scales 1, clever 1
a: Renounce Religion, Evoke Invisibility
}: 1/15 runes: decaying


You were on level 4 of the Snake Pit.
You worshipped Vehumet.
Vehumet was exalted by your worship.
You were near starving.

You visited 6 branches of the dungeon, and saw 36 of its levels.
You also visited: Labyrinth, Bailey, Ice Cave and Volcano.

You collected 3359 gold pieces.
You spent 2927 gold pieces at shops.

Inventory:

Hand weapons
 c - a +4 morningstar of flaming
Armour
 f - a +0 buckler (worn)
 p - a +2 pair of boots (worn)
 v - a +2 pair of gloves (worn)
 y - the +0 hat of Zin's Righteous Fury (worn) {rC+ MP+9 Dex+3}
   (You found it in an ice cave)

   It affects your dexterity (+3).
   It protects you from cold.
   It affects your magic capacity (+9).
 z - the +4 scale mail "Tiduqepny" (worn) {+Inv rPois rF+ Stlth+}
   (You bought it in a shop on level 4 of the Orcish Mines)

   It protects you from fire.
   It protects you from poison.
   It lets you turn invisible.
   It makes you more stealthy.
 T - a +2 cloak of fire resistance (worn)
Magical staves
 a - an uncursed staff of wizardry (weapon)
Rods
 b - a +6 iron rod (12/12)
   (You found it on level 11 of the Dungeon)
Jewellery
 h - an uncursed amulet of stasis
 j - an uncursed amulet of resist mutation
 l - a +4 ring of intelligence (left hand)
 D - the ring of Robustness (right hand) {AC+8}
   (You bought it in a shop on level 2 of the Orcish Mines)

   [ring of protection]

   It affects your AC (+8).
 H - the amulet of Ceirafi (around neck) {Inacc rElec rF+}
   (You found it on level 5 of the Dungeon)

   [amulet of inaccuracy]

   It reduces the accuracy of all your attacks.
   It protects you from fire.
   It insulates you from electricity.
 M - an uncursed ring of see invisible
Magical devices
 B - a wand of heal wounds (5)
 E - a wand of cold (12)
 I - a wand of disintegration (13)
 P - a wand of invisibility (4)
 S - a wand of fire (10)
Scrolls
 e - 11 scrolls of identify
 m - 2 scrolls of holy word
 n - 2 scrolls of enchant armour
 q - 8 scrolls of teleportation
 r - 6 scrolls of fog
 u - 7 scrolls of remove curse
 C - 3 scrolls of brand weapon
 F - 3 scrolls of blinking
 K - 7 scrolls of magic mapping
 L - 6 scrolls of recharging
Potions
 d - 8 potions of brilliance
 g - 18 potions of curing
 k - 6 potions of magic
 o - 3 potions of cancellation
 t - 11 potions of might
 G - 4 potions of haste
 J - 3 potions of resistance
 O - 4 potions of agility
 V - 2 potions of heal wounds
 W - 3 potions of flight
 X - 7 potions of invisibility
Books
 A - a Necronomicon

   Spells                             Type                      Level
   a - Haunt                          Necromancy/Summoning         7
   b - Borgnjor's Revivification      Necromancy                   8
   c - Death's Door                   Charms/Necromancy            8
   d - Necromutation                  Transmutation/Necromancy     8
Miscellaneous
 w - a phial of floods
 N - a crystal ball of energy
 Z - a fan of gales
Comestibles
 i - 20 meat rations
 x - 6 beef jerkies
 Q - 11 royal jellies
 U - 19 fruits
 Y - 15 bread rations


   Skills:
 - Level 8.0 Fighting
 + Level 9.2 Armour
 - Level 9.0 Dodging
 - Level 2.4 Stealth
 - Level 5.0 Shields
 + Level 19.8 Spellcasting
 - Level 17.0 Conjurations
 - Level 10.0 Charms
 - Level 17.0 Fire Magic
 - Level 5.0 Air Magic
 - Level 7.0 Evocations


You had 8 spell levels left.
You knew the following spells:

 Your Spells              Type           Power        Failure   Level  Hunger
a - Magic Dart            Conj           ####         0%          1    None
b - Bolt of Fire          Conj/Fire      #######...   1%          6    None
c - Fire Storm            Conj/Fire      #######...   73%         9    ######.
d - Iskenderun's Battles  Conj/Chrm      #######.     1%          5    None
e - Bolt of Draining      Conj/Necr      ######....   1%          5    None
g - Dispel Undead         Necr           ####....     89%         5    None
h - Regeneration          Chrm/Necr      ######....   1%          3    None
i - Haste                 Chrm           #######.     9%          6    None
j - Deflect Missiles      Chrm/Air       ######....   32%         6    None
k - Stoneskin             Trmt/Erth      ####....     6%          2    None


Dungeon Overview and Level Annotations

Branches:
Dungeon (15/15)            Temple (1/1) D:4            Lair (8/8) D:9
  Swamp (4/4) Lair:4        Snake (4/4) Lair:5        Slime (0/6) Lair:7
    Orc (4/4) D:10            Elf (0/3) Orc:4        Vaults (0/5) D:13
 Depths (0/5) D:15

Altars:
Ashenzari
Cheibriados
Dithmenos
Elyvilon
Fedhas
Gozag
Kikubaaqudgha
Makhleb
Nemelex Xobeh
Okawaru
Qazlal
Ru
Sif Muna
Trog
Vehumet
Xom
Yredelemnul
Zin
The Shining One
Beogh
Jiyva

Shops:
D:7 !   D:10 [(   Orc:2 (=(*}   Orc:4 ([}=   Snake:1 :[*?   Snake:2 [


Innate Abilities, Weirdness & Mutations

You are partially covered in molten scales (AC +1).
Your mind is acute. (Int +2)


Message History

The anaconda hisses angrily.
A naga comes into view. It is wielding a flail.
The naga shouts!
An anaconda comes into view.
The anaconda hisses angrily.
The anaconda closely misses you. x2
The guardian serpent casts a spell at you.
The bolt of poison hits the naga.
The bolt of poison hits you! You resist.
The naga ritualist mumbles some strange words.
The naga ritualist begins to radiate toxic energy.
The naga hits you with a glaive!
* * * LOW HITPOINT WARNING * * *
The naga grabs you.
* * * LOW HITPOINT WARNING * * *
The naga constricts you.
The greater naga gestures wildly while chanting.
The greater naga seems to speed up.
The naga hits you but does no damage.
The anaconda bites you but does no damage. x2
The anaconda bites you!
You die...

#.....NSN...N
##.8N8.8.8.8N8
##..N..N.....?.
#...NNN.N[N.N.N
#...........NS
#.8.8(8N8.8.8
N.#...NNN..N.S.


SN..NSS@NSN.NSN .....⌠SSSS...⌠. ##.....SS...... ###.........## ########### # #.
. You could see a naga warrior (wandering), 5 greater nagas, 2 naga
sharpshooters, 9 anacondas, 7 naga ritualists, a mana viper, 2 guardian
serpents, 2 black mambas, 3 naga magi and 9 nagas.

Vanquished Creatures
  Saint Roka (Orc:4)
  A tentacled monstrosity (Swamp:4)
  Gastronok (Lair:2)
  Kirke (D:12)
  2 greater nagas
  Roxanne (Swamp:2)
  Maud (Lair:4)
  Aizul (Swamp:1)
  A salamander stormcaller (D:15)
  5 dire elephants (Lair:8)
  Josephine (Orc:3)
  A minotaur (Lab)
  Harold (Lair:2)
  Erolcha (D:12)
  31 hydras
  An ogre mage (Orc:1)
  7 naga warriors
  10 anacondas
  A catoblepas (D:11)
  A ghost crab (Swamp:3)
  4 centaur warriors
  A tengu warrior (D:14)
  10 death yaks
  4 alligators
  Urug (D:12)
  11 naga sharpshooters
  2 spriggans
  8 shock serpents
  The ghost of runewalsh the Frost Mage, an experienced OpIE of Sif Muna (D:10)
  3 skeletal warriors (D:15)
  A spriggan druid (Swamp:4)
  2 ice devils (IceCv)
  6 naga ritualists
  3 unseen horrors
  2 ice statues (IceCv)
  3 shambling mangroves
  A giant orange brain (D:15)
  12 swamp dragons
  5 orc knights
  2 wizards (D:13)
  6 ugly things
  7 hill giants
  4 mana vipers
  A necromancer (IceCv)
  7 griffons
  3 cyclopes
  2 orc sorcerers
  A hornet (Swamp:2)
  6 salamanders
  19 elephants
  18 naga magi
  A manticore (D:14)
  The ghost of runewalsh the Chiller, an experienced OpIE of Sif Muna (D:7)
  2 centaur zombies
  26 black mambas
  3 guardian serpents
  25 spiny frogs
  3 centaur skeletons
  A torpor snail (Lair:5)
  2 gargoyles (D:14)
  A yaktaur (shapeshifter) (D:15)
  12 komodo dragons
  2 freezing wraiths (D:14)
  A tengu conjurer (D:14)
  2 kobold demonologists
  5 yaktaurs
  4 fire drakes
  A queen bee (D:11)
  8 trolls
  10 giant leeches
  19 slime creatures
  A merfolk (shapeshifter) (D:15)
  2 blue devils (IceCv)
  A two-headed ogre (shapeshifter) (D:15)
  9 two-headed ogres
  A hornet zombie (D:14)
  A boulder beetle (Lair:5)
  12 bog bodies
  9 wraiths
  17 blink frogs
  2 vampires
  3 shadows
  3 wyverns
  6 basilisks
  3 deep elf magi
  3 fire bats (Volcano)
  42 yaks
  A steam dragon (Lair:6)
  4 hogs (D:12)
  2 humans
  12 hippogriffs
  9 wolves
  26 swamp worms
  A warg (shapeshifter) (D:15)
  2 hungry ghosts (D:15)
  A mottled dragon (D:11)
  7 insubstantial wisps (Swamp:1)
  41 nagas
  5 wargs
  28 water moccasins
  25 vampire mosquitoes
  Duvessa (D:7)
  29 orc warriors
  2 necrophages
  13 wasps
  6 ice beasts
  2 black bears
  12 swamp drakes
  A black bear (shapeshifter) (D:15)
  An eye of draining (D:9)
  10 porcupines
  4 sky beasts
  2 phantoms
  26 ogres
  5 big kobolds
  16 centaurs
  15 crocodiles
  A brain worm (D:15)
  25 giant frogs
  A gnoll sergeant (D:10)
  Dowan (D:7)
  11 scorpions
  A water moccasin zombie (D:5)
  42 killer bees
  An electric eel (Lair:4)
  22 wights
  A quasit (D:13)
  8 crimson imps
  10 jellies
  2 draconian simulacra (IceCv)
  A human zombie (D:3)
  2 two-headed ogre zombies (Orc:1)
  4 giant frog zombies
  Crazy Yiuf (D:7)
  7 giant frog skeletons
  11 hounds
  7 lava snakes (Volcano)
  37 orc wizards
  23 orc priests
  14 iguanas
  11 worker ants
  A spriggan simulacrum (IceCv)
  24 sheep
  A centaur simulacrum (IceCv)
  A worker ant zombie (D:5)
  Robin (D:2)
  16 gnolls
  64 river rats
  6 ogre simulacra (IceCv)
  13 adders
  3 shadow imps
  2 oozes (D:1)
  An adder skeleton (D:6)
  5 worms
  9 giant geckos
  172 orcs
  16 bats
  A bat skeleton (D:5)
  6 giant cockroaches
  34 goblins
  38 hobgoblins
  12 jackals
  36 kobolds
  7 quokkas
  A ball python (D:3)
  A giant cockroach zombie (D:6)
  A giant gecko skeleton (D:8)
  11 giant newts
  2 quokka skeletons
  A quokka zombie (D:7)
  18 rats
  A bush (Lair:5)
  A plant (Lair:8)
1529 creatures vanquished.

Vanquished Creatures (collateral kills)
  2 orcs (Orc:4)
2 creatures vanquished.

Vanquished Creatures (others)
  A spriggan druid (Swamp:4)
  29 fungi
  8 plants
38 creatures vanquished.

Grand Total: 1569 creatures vanquished

Notes
Turn   | Place    | Note
--------------------------------------------------------------
     0 | D:1      | Eptagon the Deep Elf Conjurer began the quest for the Orb.
     0 | D:1      | Reached XP level 1. HP: 10/10 MP: 6/6
   460 | D:1      | Reached XP level 2. HP: 15/15 MP: 5/8
   495 | D:1      | Learned a level 2 spell: Searing Ray
   650 | D:1      | Reached skill level 5 in Conjurations
   889 | D:1      | Reached XP level 3. HP: 19/19 MP: 5/10
  1210 | D:2      | Noticed Robin
  1212 | D:2      | Killed Robin
  1353 | D:2      | Reached XP level 4. HP: 24/24 MP: 1/12
  1442 | D:2      | Learned a level 4 spell: Iskenderun's Mystic Blast
  1785 | D:2      | Reached skill level 6 in Conjurations
  2415 | D:3      | Reached XP level 5. HP: 23/28 MP: 7/14
  2773 | D:3      | Learned a level 5 spell: Iskenderun's Battlesphere
  2987 | D:3      | Found a runed door.
  2987 | D:3      | Noticed a human
  2990 | D:3      | Found a basalt altar of Yredelemnul.
  3003 | D:3      | Reached skill level 5 in Spellcasting
  3051 | D:3      | Killed a human
  3051 | D:3      | Reached skill level 7 in Conjurations
  3051 | D:3      | Reached XP level 6. HP: 32/32 MP: 4/16
  3808 | D:4      | Reached skill level 8 in Conjurations
  3849 | D:4      | Reached XP level 7. HP: 36/36 MP: 11/18
  4464 | D:4      | Found a staircase to the Ecumenical Temple.
  4473 | Temple   | Entered the Ecumenical Temple
  4580 | Temple   | Became a worshipper of Vehumet
  4725 | D:5      | Entered Level 5 of the Dungeon
  4797 | D:5      | Reached skill level 9 in Conjurations
  4797 | D:5      | Reached skill level 1 in Charms
  5129 | D:5      | Reached XP level 8. HP: 39/41 MP: 20/20
  5376 | D:5      | Got a coiled lead amulet
  5382 | D:5      | Identified the amulet of Ceirafi {Inacc rElec rF+} (You found it on level 5 of the Dungeon)
  5708 | D:5      | Acquired Vehumet's first power
  5708 | D:5      | Offered knowledge of Sting by Vehumet.
  6004 | D:5      | Reached skill level 10 in Conjurations
  6233 | D:6      | Reached skill level 1 in Fighting
  6233 | D:6      | Reached skill level 5 in Charms
  6686 | D:6      | Offered knowledge of Throw Frost by Vehumet.
  6806 | D:6      | Got a brightly glowing ring mail
  6820 | D:6      | Identified the cursed +1 ring mail "Ocezeagi" {MR+ Dex+4} (You found it on level 6 of the Dungeon)
  6931 | D:6      | Reached XP level 9. HP: 51/51 MP: 1/23
  7268 | D:7      | Noticed Duvessa
  7272 | D:7      | Killed Duvessa
  7350 | D:7      | Noticed Dowan
  7352 | D:7      | Killed Dowan
  7477 | D:7      | Found a flagged portal.
  7522 | Bailey   | Entered a bailey
  7533 | Bailey   | Offered knowledge of Inner Flame by Vehumet.
  7736 | Bailey   | Learned a level 3 spell: Inner Flame
  7783 | Bailey   | Acquired Vehumet's second power
  7880 | Bailey   | Noticed an orc knight
  7903 | Bailey   | Killed an orc knight
  8284 | D:7      | Offered knowledge of Conjure Flame by Vehumet.
  8311 | D:7      | Learned a level 3 spell: Conjure Flame
  8483 | D:7      | Found Tiub's Distillery.
  8510 | D:7      | Bought a potion of haste for 150 gold pieces
  8510 | D:7      | Bought 2 potions of might for 120 gold pieces
  8564 | D:7      | Noticed runewalsh's ghost (experienced OpIE)
  8567 | D:7      | Killed runewalsh's ghost
  8567 | D:7      | Reached skill level 5 in Fire Magic
  8788 | D:7      | Noticed Crazy Yiuf
  8790 | D:7      | Killed Crazy Yiuf
  9023 | D:7      | Reached XP level 10. HP: 52/56 MP: 11/25
  9329 | D:8      | Acquired Vehumet's third power
  9404 | D:8      | Found a basalt altar of Yredelemnul.
  9453 | D:8      | Offered knowledge of Bolt of Draining by Vehumet.
  9472 | D:8      | Learned a level 5 spell: Bolt of Draining
  9660 | D:8      | Reached skill level 5 in Shields
  9760 | D:8      | Gained mutation: Your mind is acute. (Int +2) [potion of beneficial mutation]
  9761 | D:8      | Gained mutation: You are partially covered in molten scales (AC +1). [potion of beneficial mutation]
 10829 | D:9      | Offered knowledge of Venom Bolt by Vehumet.
 11346 | D:9      | Found a staircase to the Lair.
 12118 | D:9      | Reached skill level 10 in Spellcasting
 12277 | D:9      | Reached skill level 1 in Evocations
 12427 | Lair:1   | Entered Level 1 of the Lair of Beasts
 12470 | Lair:1   | Noticed a four-headed hydra
 12475 | Lair:1   | Killed a four-headed hydra
 12475 | Lair:1   | Reached XP level 11. HP: 61/61 MP: 13/27
 12495 | Lair:1   | Reached skill level 11 in Conjurations
 12909 | Lair:1   | Noticed a five-headed hydra
 12912 | Lair:1   | Killed a five-headed hydra
 13210 | Lair:1   | Reached skill level 10 in Fire Magic
 13851 | Lair:2   | Noticed an eight-headed hydra
 13855 | Lair:2   | Killed an eight-headed hydra
 13867 | Lair:2   | Found a labyrinth entrance.
 13875 | Lab      | Entered a labyrinth
 14054 | Lab      | Noticed a minotaur
 14059 | Lab      | Killed a minotaur
 14096 | Lab      | Identified the Volume of Feathery Transmutation
 14106 | Lab      | Identified the Volume of Augmentations
 14116 | Lair:2   | Noticed Harold
 14120 | Lair:2   | Killed Harold
 14131 | Lair:2   | Found a frozen archway.
 14212 | IceCv    | Entered an ice cave
 14242 | IceCv    | Learned a level 3 spell: Ozocubu's Armour
 14246 | IceCv    | Learned a level 3 spell: Regeneration
 14250 | IceCv    | Noticed an ice devil
 14260 | IceCv    | Killed an ice devil
 14260 | IceCv    | Reached skill level 12 in Spellcasting
 14260 | IceCv    | Reached skill level 5 in Evocations
 14272 | IceCv    | Reached skill level 5 in Fighting
 14403 | IceCv    | Noticed an ice statue
 14403 | IceCv    | Noticed an ice statue
 14808 | IceCv    | Killed an ice statue
 14960 | IceCv    | Killed an ice statue
 15009 | IceCv    | Noticed an ice devil
 15127 | IceCv    | Noticed a necromancer
 15132 | IceCv    | Killed a necromancer
 15132 | IceCv    | Reached XP level 12. HP: 68/68 MP: 23/30
 15135 | IceCv    | Got an ichor-stained hat
 15150 | IceCv    | Identified the cursed +0 hat of Zin's Righteous Fury {rC+ MP+9 Dex+3} (You found it in an ice cave)
 15164 | IceCv    | Got a twisted chain mail
 15288 | IceCv    | Killed an ice devil
 15353 | Lair:2   | Learned a level 6 spell: Haste
 15541 | Lair:2   | Noticed Gastronok
 15546 | Lair:2   | Killed Gastronok
 15546 | Lair:2   | Reached skill level 13 in Spellcasting
 15552 | Lair:2   | Offered knowledge of Sticky Flame by Vehumet.
 15627 | Lair:2   | Identified the +1 chain mail "Soar" {Dex+6} (You found it in an ice cave)
 16632 | Lair:3   | Reached skill level 14 in Spellcasting
 17440 | Lair:4   | Noticed an eight-headed hydra
 17444 | Lair:4   | Killed an eight-headed hydra
 17444 | Lair:4   | Reached skill level 15 in Spellcasting
 17454 | Lair:4   | Learned a level 6 spell: Deflect Missiles
 17458 | Lair:4   | Reached skill level 5 in Dodging
 17827 | Lair:4   | Reached XP level 13. HP: 72/72 MP: 16/34
 18101 | Lair:4   | Reached skill level 16 in Spellcasting
 18144 | Lair:4   | Reached skill level 1 in Air Magic
 18847 | Lair:4   | Offered knowledge of Bolt of Magma by Vehumet.
 18856 | Lair:4   | Learned a level 5 spell: Bolt of Magma
 19009 | Lair:4   | Noticed Maud
 19015 | Lair:4   | Killed Maud
 19627 | Lair:4   | Found a staircase to the Swamp.
 19678 | Lair:4   | Reached skill level 10 in Charms
 19971 | Lair:5   | Reached skill level 5 in Air Magic
 20001 | Lair:5   | Found a staircase to the Snake Pit.
 21142 | Lair:5   | Reached skill level 17 in Spellcasting
 21701 | Lair:6   | You fall through a shaft for 2 floors!
 21701 | Lair:8   | Entered Level 8 of the Lair of Beasts
 21832 | Lair:8   | Reached XP level 14. HP: 78/80 MP: 17/37
 21976 | Lair:8   | Offered knowledge of Lightning Bolt by Vehumet.
 23373 | Lair:7   | Found a viscous altar of Jiyva.
 23373 | Lair:7   | Found a staircase to the Slime Pits.
 24998 | Lair:8   | Upgraded the game from 0.17-a0-1528-gfee3901 to 0.17-a0-1532-g2de063d
 25679 | Lair:6   | Offered knowledge of Poison Arrow by Vehumet.
 26477 | D:10     | Entered Level 10 of the Dungeon
 26796 | D:10     | Found Tebic's Weapon Boutique.
 26799 | D:10     | Found a staircase to the Orcish Mines.
 26810 | D:10     | Found Tuxigidd's Armour Boutique.
 27646 | D:10     | Got a jewelled scale mail
 27657 | D:10     | Identified the cursed +0 scale mail of the Abyss {*Drain +Inv rPois} (You found it on level 10 of the Dungeon)
 27843 | D:10     | Noticed runewalsh's ghost (experienced OpIE)
 27849 | D:10     | Killed runewalsh's ghost
 28005 | Orc:1    | Entered Level 1 of the Orcish Mines
 28998 | Orc:1    | Offered knowledge of Bolt of Fire by Vehumet.
 29035 | Orc:1    | Learned a level 6 spell: Bolt of Fire
 29040 | Orc:1    | Reached XP level 15. HP: 88/88 MP: 3/38
 29482 | Orc:2    | Found Doquelig's Antique Weapon Shoppe.
 29482 | Orc:2    | Found Lustuol's Gadget Shoppe.
 29482 | Orc:2    | Found Gofev's Assorted Antiques.
 29485 | Orc:2    | Found a dark tunnel.
 29512 | Volcano  | Entered a volcano
 29772 | Volcano  | Found a bloodstained altar of Trog.
 29960 | Orc:2    | Bought a lead wand for 92 gold pieces
 30063 | Orc:2    | Found Kampir's Jewellery Shop.
 30084 | Orc:2    | Found Xaisips's Weapon Boutique.
 30538 | Orc:3    | Noticed Josephine
 30539 | Orc:3    | Killed Josephine
 30748 | Orc:3    | Found a roughly hewn altar of Beogh.
 31324 | Orc:4    | Entered Level 4 of the Orcish Mines
 31327 | Orc:4    | Found a staircase to the Elven Halls.
 31430 | Orc:4    | Found a roughly hewn altar of Beogh.
 31534 | Orc:4    | Found a roughly hewn altar of Beogh.
 31537 | Orc:4    | Offered knowledge of Freezing Cloud by Vehumet.
 31744 | Orc:4    | Found a roughly hewn altar of Beogh.
 31754 | Orc:4    | Found Lyenaxug's Gadget Emporium.
 31792 | Orc:4    | Found a roughly hewn altar of Beogh.
 31793 | Orc:4    | Found Qeustros's Jewellery Emporium.
 32202 | Orc:4    | Found a roughly hewn altar of Beogh.
 32234 | Orc:4    | Found a roughly hewn altar of Beogh.
 32394 | Orc:4    | Noticed Saint Roka
 32570 | Orc:4    | Killed Saint Roka
 32767 | Orc:4    | Found Dosu's Antique Weapon Emporium.
 32768 | Orc:4    | Found a roughly hewn altar of Beogh.
 32771 | Orc:4    | Found Qiameeh's Antique Armour Shoppe.
 32827 | Orc:4    | Bought a pair of embroidered gloves for 121 gold pieces
 32838 | Orc:4    | Bought a spiked scale mail for 243 gold pieces
 32848 | Orc:4    | Identified the +4 scale mail "Tiduqepny" {+Inv rPois rF+ Stlth+} (You bought it in a shop on level 4 of the Orcish Mines)
 32910 | Orc:4    | Offered knowledge of Lehudib's Crystal Spear by Vehumet.
 32910 | Orc:4    | Offered knowledge of Fire Storm by Vehumet.
 32910 | Orc:4    | Offered knowledge of Glaciate by Vehumet.
 32935 | Orc:2    | Bought the ring of Robustness {AC+8} for 1536 gold pieces
 33015 | D:11     | Reached skill level 18 in Spellcasting
 33215 | D:11     | Reached skill level 1 in Armour
 34816 | D:12     | Noticed Urug
 34819 | D:12     | Killed Urug
 34877 | D:12     | Noticed Kirke
 34894 | D:12     | HP: 4/88 [harpy[Kirke] (4)]
 34913 | D:12     | Killed Kirke
 35131 | D:12     | Noticed Erolcha
 35137 | D:12     | Killed Erolcha
 35988 | D:13     | Reached skill level 5 in Armour
 36907 | D:13     | Found a gate to the Vaults.
 36981 | D:13     | Reached XP level 16. HP: 93/93 MP: 25/40
 37222 | D:13     | Got a smoking bardiche
 37228 | D:13     | Identified the +10 bardiche of Nyminel {antimagic, MR+} (You found it on level 13 of the Dungeon)
 37376 | D:14     | Found a blossoming altar of Fedhas.
 37697 | D:14     | Learned a level 9 spell: Fire Storm
 38799 | D:15     | Entered Level 15 of the Dungeon
 38799 | D:15     | Found a glowing silver altar of Zin.
 39425 | D:15     | Found a staircase to the Depths.
 39564 | D:15     | Found a radiant altar of Vehumet.
 39650 | D:15     | Found a blossoming altar of Fedhas.
 39867 | D:15     | Got a transparent leather armour
 39878 | D:15     | Identified the cursed +0 leather armour of Honk {-Cast rN+ MR+++ SInv} (You found it on level 15 of the Dungeon)
 40783 | Swamp:1  | Entered Level 1 of the Swamp
 41180 | Swamp:1  | Noticed Aizul
 41200 | Swamp:1  | Killed Aizul
 41734 | Swamp:1  | Reached skill level 15 in Fire Magic
 42855 | Swamp:2  | Noticed Roxanne
 42867 | Swamp:2  | Paralysed by miscasting Haste for 7 turns
 43664 | Swamp:2  | Killed Roxanne
 43709 | Swamp:2  | Identified Roxanne's Reference Book on the Mutagenic Mountains (You took it off Roxanne on level 2 of the Swamp)
 43714 | Swamp:2  | Learned a level 2 spell: Stoneskin
 43830 | Swamp:2  | Reached skill level 15 in Conjurations
 45358 | Swamp:3  | Reached XP level 17. HP: 97/97 MP: 31/41
 45445 | Swamp:4  | Entered Level 4 of the Swamp
 47259 | Swamp:4  | Got a decaying rune of Zot
 47905 | Swamp:4  | Noticed a tentacled monstrosity
 47909 | Swamp:4  | Killed a tentacled monstrosity
 48525 | Snake:1  | Entered Level 1 of the Snake Pit
 49079 | Snake:1  | Found Diepsik's General Store.
 49084 | Snake:1  | Bought a scroll of acquirement for 572 gold pieces
 49084 | Snake:1  | Bought a scroll of amnesia for 38 gold pieces
 49084 | Snake:1  | Bought a potion of heal wounds for 55 gold pieces
 49115 | Snake:1  | Found Ruefiff's Magic Scroll Shop.
 49528 | Snake:1  | Found Estyttirud's Book Emporium.
 49536 | Snake:1  | Learned a level 5 spell: Dispel Undead
 49788 | Snake:1  | Found Fisubiec's Armour Emporium.
 49815 | Snake:1  | Identified the Collected Works on the Frostbite
 51007 | Snake:2  | Found Radatof's Armour Shoppe.
 51885 | Snake:3  | Reached XP level 18. HP: 91/103 MP: 9/42
 51889 | Snake:3  | Reached skill level 19 in Spellcasting
 53820 | Snake:4  | Entered Level 4 of the Snake Pit
 53899 | Snake:4  | Slain by an anaconda

Vault maps used:
D:1:      dpeg_arrival_long_road, serial_forest, infiniplex_forest_clump_small,
          infiniplex_forest_lined_2, infiniplex_forest_end_3,
          infiniplex_forest_clump_double, infiniplex_forest_lined_3_way,
          infiniplex_forest_end_double, infiniplex_forest_end_2,
          infiniplex_forest_zigzag_1, infiniplex_forest_straight_2,
          infiniplex_forest_lined_1
D:2:      uniq_robin
D:3:      first_bread, dk_yredelemnul_ordeal
D:4:      minmay_door_path, temple_fountains
D:5:      corexii_shack_village
D:7:      serial_shops, nicolae_shop_crystal, enter_bailey_3,
          minmay_misc_feat_columns, uniq_crazy_yiuf_cottage, uniq_duvessa
D:8:      overflow_temple_1_default
D:9:      erik_lair_orcish_takeover
D:10:     orc_david_3
D:11:     minmay_wavy_crystal, david_nohive_1
D:12:     uniq_erolcha, uniq_kirke, uniq_urug
D:13:     minmay_four_partial_circles, david_vaults_1, minivault_25_ag
D:14:     fedhas_altar_1, minmay_misc_feat_diagonals, serial_park_tiny_pond,
          grunt_decor_arrowhead
D:15:     gammafunk_enter_depths_forms, basic_altar, hex_medium,
          hangedman_feature_mirror, moated_statue, serial_bayou_lagoon_a
Temple:   kilobyte_greek_temple_18
Lair:1:   lemuel_fruit_tree
Lair:2:   lab_entry_generic, portal_ice_cave_entry_pillars_02, uniq_harold,
          uniq_gastronok
Lair:3:   cheibrodos_lair_caveside_slide, beast_lair_carwin_6
Lair:4:   nicolae_swamp_entry_splash_gauntlet, grunt_megastairs_3, uniq_maud
Lair:5:   minmay_snake_entry_guardpost_small, wad_woods_06, patterned_corridor
Lair:7:   dpeg_slime_entry_enclosed_altar
Lair:8:   due_jungle_book, grunt_megastairs_2
Swamp:1:  evilmike_swamp_ruin_house_5, uniq_aizul
Swamp:2:  evilmike_swamp_ruin_house_2, infiniplex_staircase_pool, uniq_roxanne
Swamp:3:  evilmike_swamp_ruin_house_1
Swamp:4:  swamp
Snake:1:  serial_shops, shop, nicolae_shop_behind_doors, shop,
          nicolae_shop_crystal, serial_bayou_shore_b
Snake:2:  serial_shops, nicolae_shop_statue_plus
Snake:3:  grunt_megastairs_4
Snake:4:  grunt_snake_rune_serpentine_throne
Orc:1:    lemuel_ogre_cave
Orc:2:    serial_shops, shop, shop, nicolae_shop_window_shopping,
          nicolae_shop_window_shopping, nicolae_shop_stone,
          nicolae_volcano_entry_lava_flow, david_defended_altar_orc
Orc:3:    basic_altar, nicolae_orc_pool_cavern, nicolae_orc_damp_corner,
          uniq_josephine
Orc:4:    grunt_orc_community_town_hall, grunt_orc_community_big_house_1,
          grunt_orc_community_big_house_1, grunt_orc_community_house_1,
          grunt_orc_community_house_3, grunt_orc_community_house_2,
          grunt_orc_community_house_3, grunt_orc_community_house_1, basic_altar
Lab:      nicolae_lab_dead_adventurers, labyrinth_skeletal_remains,
          nicolae_lab_arrow
Bailey:   bailey_axe_2, bailey
IceCv:    ice_cave_tombish
Volcano:  volcano_grotto

Action                   |  1- 3 |  4- 6 |  7- 9 | 10-12 | 13-15 | 16-18 || total
-------------------------+-------+-------+-------+-------+-------+-------++-------
Melee: Short sword       |    13 |       |       |       |       |       ||    13
       Trident           |       |    75 |   112 |       |       |       ||   187
       Morningstar       |       |       |    76 |   144 |       |       ||   220
       War axe           |       |       |       |     6 |     8 |       ||    14
       Staff             |       |       |       |       |    58 |    18 ||    76
 Cast: Magic Dart        |    50 |    71 |   103 |   148 |   473 |    60 ||   905
       Searing Ray       |     4 |    16 |    41 |    49 |       |       ||   110
       Iskenderun's Myst |       |       |    58 |   176 |    49 |       ||   283
       Iskenderun's Batt |       |       |     3 |    36 |    66 |    53 ||   158
       Bolt of Draining  |       |       |       |    18 |    61 |    14 ||    93
       Conjure Flame     |       |       |       |     8 |     4 |     2 ||    14
       Ozocubu's Armour  |       |       |       |     3 |     3 |       ||     6
       Regeneration      |       |       |       |     2 |     3 |     2 ||     7
       Bolt of Magma     |       |       |       |       |   345 |       ||   345
       Deflect Missiles  |       |       |       |       |     2 |     3 ||     5
       Haste             |       |       |       |       |     2 |     8 ||    10
       Bolt of Fire      |       |       |       |       |   265 |   650 ||   915
       Stoneskin         |       |       |       |       |       |     1 ||     1
Evoke: Wand              |       |       |     2 |    18 |    10 |    16 ||    46
       Crystal ball of e |       |       |       |     2 |       |     1 ||     3
       Rod               |       |       |       |       |     5 |    27 ||    32
       Fan of gales      |       |       |       |       |     1 |     1 ||     2
  Use: Scroll            |     2 |     1 |    21 |    10 |    17 |    11 ||    62
       Potion            |       |       |       |     7 |     7 |     1 ||    15
 Stab: Sleeping          |     1 |    12 |     7 |     3 |     1 |       ||    24
       Distracted        |       |     1 |     2 |       |       |       ||     3
       Paralysed         |       |       |       |     3 |     6 |       ||     9
  Eat: Chunk             |     1 |     8 |    18 |    29 |    63 |    50 ||   169
       Pizza             |       |       |       |     1 |       |       ||     1
       Beef jerky        |       |       |       |     1 |       |     4 ||     5
       Fruit             |       |       |       |       |       |     4 ||     4
       Meat ration       |       |       |       |       |       |     1 ||     1
